 Dungeon Crawl Stone Soup version 0.29-a0-721-g7f417c9bbb (webtiles) character file.

Game seed: 17026511611705632121

275 gobodom the Digger (level 6, -7/32 HPs)
             Began as a Gargoyle Earth Elementalist on June 27, 2022.
             Killed by divine providence
             ... invoked by an orc priest
              (10 damage)
             ... on level 3 of the Dungeon.
             The game lasted 00:10:38 (2640 turns).

gobodom the Digger (Gargoyle Earth Elementalist)    Turns: 2640, Time: 00:10:38

Health: -7/32      AC:  8    Str: 11    XL:     6   Next: 25%
Magic:  9/12       EV: 12    Int: 18    God:
Gold:   74         SH:  0    Dex: 10    Spells: 13/14 levels left

rFire   . . .      SeeInvis .   d - +0 flail
rCold   . . .      Faith    .   (no shield)
rNeg    + . .      Spirit   .   a - +0 robe
rPois   ∞          Reflect  .   c - +0 helmet
rElec   +          Harm     .   (no cloak)
rCorr   .          Rampage  .   h - +0 pair of gloves
Will    .....                   (no boots)
Stlth   ++........              (no amulet)
HPRegen 0.10/turn               (no ring)
MPRegen 0.13/turn               (no ring)

@: no status effects
A: sickness immunity, AC +4, negative energy resistance 1, electricity
resistance, torment resistance 1, petrification resistance
a: no special abilities


You were on level 3 of the Dungeon.
You visited 1 branch of the dungeon, and saw 3 of its levels.

You collected 102 gold pieces.
You spent 28 gold pieces at shops.

Inventory:

Hand Weapons
 d - a +0 flail (weapon)
 i - a +1 dagger of distortion
Missiles
 o - 6 poisoned darts
Armour
 a - a +0 robe (worn)
 c - a +0 helmet (worn)
 h - a +0 pair of gloves (worn)
Scrolls
 f - 2 scrolls of enchant armour
 l - a scroll of blinking {unknown}
 m - 3 scrolls of teleportation {unknown}
 p - 2 scrolls of poison {unknown}
Potions
 e - a potion of ambrosia
 g - a potion of attraction
 k - 3 potions of might
 n - a potion of resistance {unknown}
 q - a potion of haste {unknown}


   Skills:
 + Level 0.2 Fighting
 + Level 1.7 Dodging
 + Level 2.5 Stealth
 + Level 4.6 Spellcasting
 + Level 0.7 Transmutations
 + Level 5.7 Earth Magic


You had 13 spell levels left.
You knew the following spells:

 Your Spells              Type           Power      Damage    Failure   Level
a - Sandblast             Erth           48%        2d12      1%          1

Your spell library contained the following spells:

 Spells                   Type           Power      Damage    Failure   Level
 Passwall                 Tmut/Erth      12%        N/A       5%          2
 Stone Arrow              Conj/Erth      28%        3d8       13%         3
 Foxfire                  Conj/Fire      16%        2x1d4     14%         1
 Petrify                  Tmut/Erth      15%        N/A       36%         4
 Conjure Flame            Conj/Fire      4%         6-21      38%         3
 Inner Flame              Hex/Fire       4%         N/A       38%         3
 Flame Wave               Conj/Fire      4%         2d5       80%         4


Dungeon Overview and Level Annotations

Branches:
Dungeon (3/15)

Altars:

Shops:
D:1 ?

Annotations:
D:3 1 runed translucent door, Crazy Yiuf


Innate Abilities, Weirdness & Mutations

You are immune to sickness and miasma.
Your stone body is resilient. (AC +4)
You are immune to poison.
You resist negative energy. (rN+)
You are resistant to electric shocks. (rElec)
You are resistant to unholy torment.
You are immune to petrification.


Message History

Casting: Sandblast (safe; 1% risk of failure)
Confirm with . or Enter, or press ? or * to list all spells.
Aiming: Sandblast (safe; 1% risk of failure)
Press: ? - help, Shift-Dir - straight line, f - orc
Aim: an orc, wielding a +0 flail (81% to hit)
The blast of sand hits the orc!
You kill the orc!
The orc wizard closely misses you.
The orc wizard hits you but does no damage.
Casting: Sandblast (safe; 1% risk of failure)
Confirm with . or Enter, or press ? or * to list all spells.
Aiming: Sandblast (safe; 1% risk of failure)
Press: ? - help, Shift-Dir - straight line, f - orc wizard
Aim: an orc wizard, wielding a +0 dagger and wearing a +0 robe (severely wounded, 76% to hit)
The blast of sand hits the orc wizard.
The orc wizard is almost dead.
The orc wizard hits you but does no damage.
The orc wizard gestures wildly while chanting.
The orc wizard flickers and vanishes!
Deactivating autopickup; reactivate with Ctrl-A.
Casting: Sandblast (safe; 1% risk of failure)
Confirm with . or Enter, or press ? or * to list all spells.
Aiming: Sandblast (safe; 1% risk of failure)
Press: ? - help, Shift-Dir - straight line, f - goblin
Aim: a goblin, wielding a +0 club (76% to hit)
The blast of sand hits something.
Reactivating autopickup.
You feel a bit more experienced. The goblin hits you but does no damage.
Casting: Sandblast (safe; 1% risk of failure)
Confirm with . or Enter, or press ? or * to list all spells.
Aiming: Sandblast (safe; 1% risk of failure)
Press: ? - help, Shift-Dir - straight line, f/p - goblin
Aim: a goblin, wielding a +0 club (76% to hit)
The blast of sand hits the goblin!
You kill the goblin!
The goblin hits you with a +0 dagger.
* * * LOW HITPOINT WARNING * * *
The orc priest mumbles some strange prayers to Beogh against you.
Beogh smites you!
You die...

≈. ≈≈. ##### #. .≈≈≈.≈. #.....#
#.♣≈≈≈≈≈.. .##.....## #..h.≈≈.g.
.........## ..♣o≈≈≈.. .. ........
..≈o.≈≈≈. .. ....#)#####g≈g≈.g≈.
......###..#@#...og.♣g≈o..
........#..#g#...#.)oP...<
.....#.#...go.#†#g..g....
....#.#.##.#♣♣.≈♣?...... #
####.......#.♣♣P.P♣....... .#
....)..........#.♣♣P≈P♣#.##.#. .#
...........†...#.#♣♣≈♣♣ ♣##..##.#
..............♣♣♣♣♣♣≈≈♣ ♣♣.....#
...#####......PP≈≈P≈.≈P.♣♣P#...##


You could see an orc priest and 2 goblins.

Vanquished Creatures
  A hound (D:3)
  Natasha (thrice) (D:3)
  2 orc wizards (D:3)
  Robin (D:3)
  4 adders
  A worm (D:2)
  9 orcs (D:3)
  3 endoplasms
  2 giant cockroaches
  3 hobgoblins
  5 jackals
  5 kobolds
  6 quokkas
  4 ball pythons
  6 bats
  8 goblins
  5 rats
68 creatures vanquished.

Vanquished Creatures (others)
  An orc (D:3)
  20 plants (D:3)
21 creatures vanquished.

Grand Total: 89 creatures vanquished

Notes
Turn   | Place    | Note
-------+----------+-------------------------------------------
     0 | D:1      | gobodom the Gargoyle Earth Elementalist began the quest for
                  | the Orb.
     0 | D:1      | Reached XP level 1. HP: 10/10 MP: 3/3
   106 | D:1      | Found Egizaaq's Magic Scroll Shop.
   333 | D:1      | Reached XP level 2. HP: 15/15 MP: 3/5
   501 | D:1      | Reached skill level 4 in Earth Magic
  1022 | D:1      | Bought a scroll of identify for 28 gold pieces
  1168 | D:2      | Reached XP level 3. HP: 19/19 MP: 5/7
  1343 | D:2      | Found a faded altar of an unknown god.
  1848 | D:2      | Reached XP level 4. HP: 18/24 MP: 3/9
  2037 | D:3      | Noticed Natasha
  2040 | D:3      | Killed Natasha
  2071 | D:3      | Noticed Natasha
  2081 | D:3      | Killed Natasha
  2082 | D:3      | Reached skill level 5 in Earth Magic
  2082 | D:3      | Reached XP level 5. HP: 23/28 MP: 2/10
  2167 | D:3      | Found a runed translucent door.
  2167 | D:3      | Noticed Crazy Yiuf
  2608 | D:3      | Noticed Natasha
  2609 | D:3      | Noticed Robin
  2618 | D:3      | Killed Natasha
  2619 | D:3      | Reached XP level 6. HP: 12/32 MP: 5/12
  2625 | D:3      | HP: 1/32 [rat (2)]
  2632 | D:3      | Killed Robin
  2640 | D:3      | Killed from afar by an orc priest

Illustrated notes

Levels and vault maps discovered:
D:1:      minmay_arrival_jagged, layout_basic, serial_shops, nicolae_square_shop
D:2:      layout_basic, shapermc_ecumenical_altar_venn
D:3:      layout_basic, serial_bayou, serial_bayou_pond_c, serial_bayou_pond_a,
          serial_bayou_pond_b, serial_bayou_crossing, uniq_crazy_yiuf_cottage,
          uniq_robin, uniq_natasha

Skill      XL: |  1  2  3  4  5 |
---------------+----------------+-----
Earth Magic    | 4 5 |  5.7
Spellcasting   | 3 4 |  4.6
Fighting       | |  0.2
Dodging        | |  1.7
Stealth        | |  2.5
Transmutations | |  0.7

Action                   |  1- 3 |  4- 6 || total
-------------------------+-------+-------++-------
Melee: Flail             |       |     2 ||     2
       Punch             |       |     1 ||     1
 Cast: Sandblast         |    50 |    62 ||   112
  Use: Scroll            |     6 |       ||     6
       Potion            |       |     2 ||     2
Armor: Robe              |     9 |    30 ||    39
Dodge: Dodged            |    18 |    35 ||    53

Table legend: (Time is in decaauts)
 A = Elapsed time spent in this place.
 B = Non-inter-level travel time spent in this place.
 C = Inter-level travel time spent in this place.
 D = Time resting spent in this place.
 E = Time spent auto-exploring this place.
 F = Levels seen in this place.
 G = Mean time per level.
                   A        B        C        D        E       F      G
               +--------+--------+--------+--------+--------+-----+--------+
         Total |   2757 |   2757 |      0 |     51 |   2030 |   3 |  919.0 |
       Dungeon |   2757 |   2757 |      0 |     51 |   2030 |   3 |  919.0 |
               +--------+--------+--------+--------+--------+-----+--------+

Top non-repeatable levels by time:
     D:1: 1073 daAuts
     D:2: 904 daAuts
     D:3: 779 daAuts
